 Dungeon Crawl Stone Soup version 0.30-a0-46-g5a63ccc183 (webtiles) character file.

Game seed: 1266502626559968089

19 ytrimaz the Insei (level 2, 18/18 HPs)
             Began as an Octopode Transmuter on Sept 1, 2022.
             Was a Follower of Elyvilon.
             Quit the game on level 1 of the Dungeon.
             The game lasted 00:01:07 (865 turns).

ytrimaz the Insei (Octopode Transmuter)              Turns: 865, Time: 00:01:08

Health: 18/18      AC:  1    Str:  9    XL:     2   Next: 75%
Magic:  5/5        EV: 13    Int: 15    God:    Elyvilon [*.....]
Gold:   41         SH:  0    Dex: 12    Spells: 4/5 levels left

rFire   . . .      SeeInvis .      - Unarmed
rCold   . . .      Faith    .    (no shield)
rNeg    . . .      Spirit   .    (helmet restricted)
rPois   .          Reflect  .    (no amulet)
rElec   .          Harm     .    (no ring)
rCorr   .          Rampage  .    (no ring)
Will    .....                    (no ring)
Stlth   ++........               (no ring)
HPRegen 0.06/turn                (no ring)
MPRegen 0.09/turn                (no ring)
                                 (no ring)
                                 (no ring)

@: no status effects
A: almost no armour, amphibious, 8 rings, camouflage 1, gelatinous body 1,
(nimble swimmer 1), tentacles
a: Renounce Religion, Purification


You were on level 1 of the Dungeon.
You worshipped Elyvilon.
Elyvilon was aware of your devotion.
You visited 1 branch of the dungeon, and saw 1 of its levels.

You collected 41 gold pieces.


Innate Abilities, Weirdness & Mutations

You cannot wear most types of armour.
You are amphibious.
You can wear up to eight rings at the same time.
Your skin changes colour to match your surroundings (Stealth+).
Your rubbery body absorbs attacks. (AC +1, EV +1)
((You are camouflaged when in or above water. (Stealth+)))
You have tentacles for arms and can constrict up to eight enemies at once.


   Skills:
 - Level 1.0 Fighting
 - Level 2.0 Dodging
 + Level 3.9 Unarmed Combat
 - Level 2.0 Spellcasting
 - Level 2.0 Transmutations


You had 4 spell levels left.
You knew the following spells:

 Your Spells              Type           Power      Damage    Failure   Level
a - Beastly Appendage     Tmut           14%        N/A       10%         1

Your spell library contained the following spells:

 Spells                   Type           Power      Damage    Failure   Level
 Wereblood                Tmut           7%         N/A       14%         2
 Spider Form              Tmut/Pois      4%         N/A       41%         3
 Summon Guardian Golem    Hex/Summ       1%         N/A       54%         3
 Ice Form                 Ice/Tmut       4%         N/A       82%         4
 Orb of Destruction       Conj           0%         9d5       100%        7
 Spellforged Servitor     Conj/Summ      0%         N/A       100%        7

Inventory:

Missiles
 b - 15 stones {throwing}
Jewellery
 d - an amulet of faith {!P}
   (You found it on level 1 of the Dungeon)
Potions
 a - 2 potions of lignification {!q}
 e - a potion of brilliance {unknown}

Dungeon Overview and Level Annotations

Branches:
Dungeon (1/15) Zot: 5137

Altars:
Elyvilon

###†# #...# #....### #
#.# ###...####....# #
###.#####.......##...# #
................##...# #
.##.....#.......#...###
###
.####...##.....##...#.#
#..
........##.....#....#.#
#.#
##########.#...#......#
#.# #.#.#.#@....## #.#
#.#.#.#.....# ##.
#.....#.....# ##
###.####....# # #.#
#....# #.# ##...# #.#
#...## #######.# ##...#
#
######.......######...##
##


There were no monsters in sight!


Message History

Your transformation is almost over.
Your tentacle spike disappears.
Found a stone staircase leading down. 😎 HP[+2] MP[+1]
Your hp is fully restored (18).
Your mp is fully restored (5).
A goblin comes into view. It is wielding a +0 club.
A goblin is nearby!
A goblin is nearby!
There is a stone staircase leading down here.
One of your tentacles grows a vicious spike. 😎 MP[-1]
You lost 1 mp, and now have 4/5 mp.
The goblin shouts!
Unknown command.
Your transformation is almost over.
The goblin barely misses you.
You tentacle-slap the goblin.
You kill the goblin!
Unknown command.
Things that are here:
a +0 club {mace}; a goblin corpse Unknown command.
Things that are here:
a +0 club {mace}; a goblin corpse Your tentacle spike disappears.
Things that are here:
a +0 club {mace}; a goblin corpse
Found an escape hatch in the floor. 😎 MP[+1]
Your mp is fully restored (5).
There is an escape hatch in the floor here.
Key pressed, stopping explore.
No target in view!
d - an amulet of faith {!P} No target in view!
Key pressed, stopping explore.
No target in view!
A hobgoblin comes into view.
A hobgoblin is nearby!
A hobgoblin is nearby!
A hobgoblin is nearby!
The helpless hobgoblin fails to defend itself.
You tentacle-slap the hobgoblin. You grab the hobgoblin.
You constrict the hobgoblin, but do no damage.
The hobgoblin hits you but does no damage.
You release your grip on the hobgoblin.
The hobgoblin closely misses you.
You barely miss the hobgoblin. You grab the hobgoblin.
You constrict the hobgoblin. The hobgoblin barely misses you.
You tentacle-slap the hobgoblin.
You kill the hobgoblin!
Unknown command.
No target in view!
Found a stone staircase leading down.
There is a stone staircase leading down here.
b - 15 stones {throwing} (gained 9) Key pressed, stopping explore.
Unknown command.
Key pressed, stopping explore.
You open the door.
There is an open door here.
Key pressed, stopping explore.
You open the door.
Found a stone staircase leading down.
There is an open door here.
There is a stone staircase leading down here.
You now have 41 gold pieces (gained 5).
e - an emerald potion Key pressed, stopping explore.
A goblin comes into view. It is wielding a +0 dagger.
The goblin shouts!
A goblin is nearby!
A goblin is nearby!
As you read the scroll labelled NYJYUTHR CUADGH, it crumbles to dust.
You feel strangely unstable.
It was a scroll of teleportation.
An endoplasm comes into view.
Your surroundings suddenly seem different.
An endoplasm comes into view.
The endoplasm quivers.
The endoplasm closely misses you.
An endoplasm is nearby!
You tentacle-slap the endoplasm. You squeeze the endoplasm.
You kill the endoplasm!
Found a faded altar of an unknown god.
One of your tentacles grows a vicious spike. 😎 MP[-1]
You lost 1 mp, and now have 4/5 mp.
No target in view!
Unknown command.
Your transformation is almost over.
Your tentacle spike disappears.
A kobold comes into view. It is wielding a +0 dagger. 😎 MP[+1]
Your mp is fully restored (5).
There is a faded altar of an unknown god here.
You cannot tell which god this altar belongs to.
Convert to them anyway?
Elyvilon accepts your prayer! Elyvilon welcomes you!
You can now purify yourself.
Are you sure you want to abandon this character and quit the game? (Confirm with "yes".)

Action                   || total
-------------------------++-------
Melee: Unarmed           ||    31
       Tentacles         ||     9
       Constrict         ||     7
       Kick              ||     3
 Cast: Beastly Appendage ||     5
  Use: Scroll            ||     1
 Stab: Sleeping          ||     4
Armor: Skin              ||     3
Dodge: Dodged            ||     8

Levels and vault maps discovered:
D:1:      dpeg_arrival_simpleton_a, layout_loops_corners,
          hellmonk_ecumenical_altar_zigzags

Notes
Turn   | Place    | Note
-------+----------+-------------------------------------------
     0 | D:1      | ytrimaz the Octopode Transmuter began the quest for the
                  | Orb.
     0 | D:1      | Reached XP level 1. HP: 13/13 MP: 3/3
     0 | D:1      | magus.rc [v1.9.6]
   397 | D:1      | Reached XP level 2. HP: 18/18 MP: 5/5
   482 | D:1      | You pick up a book of Dangerous Friends and begin
                  | reading...
   482 | D:1      | You add the spells Summon Guardian Golem, Orb of
                  | Destruction and Spellforged Servitor to your library.
   837 | D:1      | Found a faded altar of an unknown god.
   864 | D:1      | Prayed at the altar of an unknown god.
   864 | D:1      | Became a worshipper of Elyvilon the Healer
   864 | D:1      | Reached * piety under Elyvilon
   865 | D:1      | Quit the game

Vanquished Creatures
  4 endoplasms (D:1)
  2 goblins (D:1)
  3 hobgoblins (D:1)
  A ball python (D:1)
  A bat (D:1)
  A frilled lizard (D:1)
  4 kobolds (D:1)
  A rat (D:1)
17 creatures vanquished.

Table legend:
 A = Non-vault XP
 B = Vault XP
 C = Vault XP percentage of total XP
 D = Non-vault monster count
 E = Vault monster count
 F = Vault count percentage of total count
                 A         B        C        D         E       F
            +---------+---------+-------+---------+---------+-------
      Total |      28 |       0 |   0.0 |      17 |       0 |   0.0
            +---------+---------+-------+---------+---------+-------
        D:1 |      28 |       0 |   0.0 |      17 |       0 |   0.0
            +---------+---------+-------+---------+---------+-------

Illustrated notes

Table legend:
 A = Kills in this place as a percentage of kills in entire the game.
 B = Kills by you in this place as a percentage of kills by you in the entire game.
 C = Kills by friends in this place as a percentage of kills by friends in the entire game.
 D = Other kills in this place as a percentage of other kills in the entire game.
 E = Experience gained in this place as a percentage of experience gained in the entire game.
 F = Experience gained in this place divided by the number of levels of this place that you have seen.
                   A       B       C       D       E      F
               +-------+-------+-------+-------+-------+----------------------
         Total | 100.0 | 100.0 |   N/A |   N/A | 100.0 |  28.0
       Dungeon | 100.0 | 100.0 |   N/A |   N/A | 100.0 |  28.0
               +-------+-------+-------+-------+-------+----------------------

Table legend: (Time is in decaauts)
 A = Elapsed time spent in this place.
 B = Non-inter-level travel time spent in this place.
 C = Inter-level travel time spent in this place.
 D = Time resting spent in this place.
 E = Time spent auto-exploring this place.
 F = Levels seen in this place.
 G = Mean time per level.
                   A        B        C        D        E       F      G
               +--------+--------+--------+--------+--------+-----+--------+
         Total |    862 |    862 |      0 |      0 |    733 |   1 |  862.0 |
       Dungeon |    862 |    862 |      0 |      0 |    733 |   1 |  862.0 |
               +--------+--------+--------+--------+--------+-----+--------+

Top non-repeatable levels by time:
     D:1: 862 daAuts
